 Dungeon Crawl Stone Soup version 0.23.0-3-gf3c87f2df8 (webtiles) character file.

Game seed: 13865197784565725728

18547 Kisielow the Arsonist (level 12, -6/71 HPs)
             Began as a Deep Elf Fire Elementalist on Feb 20, 2019.
             Was a Priest of Vehumet.
             Mangled by a six-headed hydra (7 damage)
             ... on level 4 of the Lair of Beasts on Feb 21, 2019.
             The game lasted 01:12:43 (19861 turns).

Kisielow the Arsonist (Deep Elf Fire Elementalist) Turns: 19861, Time: 01:12:44

Health: -6/71      AC:  9    Str:  8    XL:     12   Next: 28%
Magic:  6/23       EV: 20    Int: 26    God:    Vehumet [***...]
Gold:   848        SH:  0    Dex: 19    Spells: 2/23 levels left

rFire    . . .     SeeInvis +   w - +0 long sword of Tartarus {elec, rElec Dex+4}
rCold    . . .     Gourm    .   (no shield)
rNeg     . . .     Faith    .   a - +0 robe
rPois    +         Spirit   .   j - +2 hat
rElec    +         Reflect  .   t - +1 cloak
rCorr    .         Harm     .   h - +2 pair of gloves {Str+3}
MR       +....                  (no boots)
Stlth    ++........             (no amulet)
HPRegen  0.21/turn              g - ring of poison resistance
MPRegen  0.18/turn              B - ring of see invisible

@: hasted, very quick
A: no striking features
a: Renounce Religion


You were on level 4 of the Lair of Beasts.
You worshipped Vehumet.
Vehumet was most pleased with you.
You were hungry.

You visited 3 branches of the dungeon, and saw 15 of its levels.
You also visited: Ossuary.

You collected 848 gold pieces.

Inventory:

Hand Weapons
 w - the +0 long sword of Tartarus (weapon) {elec, rElec Dex+4}
   (You found it on level 5 of the Dungeon)

   Occasionally, upon striking a foe, it will discharge some electrical energy
   and cause terrible harm.
   It affects your dexterity (+4).
   It insulates you from electricity.
 I - the +5 great sword "Kaisuf" {freeze, MR++ Int+4 Dex-2}
   (You found it on level 3 of the Lair of Beasts)

   It has been specially enchanted to freeze those struck by it, causing extra
   injury to most foes and up to half again as much damage against particularly
   susceptible opponents.
   It can also slow down cold-blooded creatures.
   It affects your intelligence (+4).
   It affects your dexterity (-2).
   It affects your resistance to hostile enchantments.
Armour
 a - a +0 robe (worn)
 h - a +2 pair of gloves of strength (worn)
 j - a +2 hat (worn)
 t - a +1 cloak (worn)
Jewellery
 g - a ring of poison resistance (left hand)
 m - an uncursed ring of positive energy
 A - an uncursed ring of protection from magic
 B - a ring of see invisible (right hand)
Wands
 s - a wand of disintegration (14)
 x - a wand of acid (6)
 y - a wand of iceblast (8)
 C - a wand of clouds (6)
 D - a wand of digging (3)
 G - a wand of enslavement (13)
 K - a wand of polymorph (4)
Scrolls
 b - 2 scrolls of enchant armour
 d - a scroll of amnesia
 n - 2 scrolls of identify
 o - 2 scrolls of enchant weapon
 p - 5 scrolls of remove curse
 r - 3 scrolls of teleportation
 F - a scroll of fear
 J - a scroll of magic mapping
Potions
 e - 3 potions of resistance
 f - 5 potions of curing
 i - a potion of brilliance {unknown}
 k - a potion of cancellation
 l - 2 potions of heal wounds
 u - 6 potions of flight
 v - 3 potions of ambrosia
 E - a potion of experience {unknown}
 H - 2 potions of mutation {unknown}
Miscellaneous
 z - a fan of gales
Comestibles
 c - 25 rations


   Skills:
 * Level 6.6 Fighting
 * Level 9.6 Dodging
 - Level 2.4 Stealth
 - Level 6.1 Spellcasting
 + Level 10.6 Conjurations
 * Level 13.8 Fire Magic
 + Level 4.8 Earth Magic


You had 2 spell levels left.
You knew the following spells:

 Your Spells              Type           Power        Failure   Level  Hunger
a - Stone Arrow           Conj/Erth      #####.       1%          3    None
e - Inner Flame           Hex/Fire       #####...     1%          3    None
q - Flame Tongue          Conj/Fire      #####        1%          1    None
r - Fireball              Conj/Fire      ######....   1%          5    #####..
s - Mephitic Cloud        Conj/Pois/Air  ####....     1%          3    None
t - Sticky Flame          Conj/Fire      ######..     1%          4    ###....
w - Throw Flame           Conj/Fire      ######       1%          2    None

Your spell library contained the following spells:

 Spells                   Type           Power        Failure   Level  Hunger
 Magic Dart               Conj           ####         1%          1    None
 Corona                   Hex            #......      7%          1    None
 Blink                    Tloc           N/A          11%         2    None
 Call Imp                 Summ           #.......     11%         2    None
 Ensorcelled Hibernation  Hex/Ice        #.....       11%         2    None
 Slow                     Hex            #.......     11%         2    None
 Conjure Flame            Conj/Fire      ######..     1%          3    None
 Dazzling Spray           Conj/Hex       #####.       1%          3    None
 Confuse                  Hex            #.......     21%         3    None
 Tukima's Dance           Hex            #.......     21%         3    None


Dungeon Overview and Level Annotations

Branches:
Dungeon (10/15)            Temple (1/1) D:4            Lair (4/6) D:8
 Shoals (0/4) Lair:2       Spider (0/4) Lair:4          Orc (0/2) D:10

Altars:
Ashenzari
Cheibriados
Dithmenos
Elyvilon
Fedhas
Gozag
Hepliaklqana
Kikubaaqudgha
Makhleb
Nemelex Xobeh
Okawaru
Qazlal
Ru
Sif Muna
Trog
Uskayaw
Vehumet
Wu Jian
Xom
Yredelemnul
Zin
The Shining One
Beogh

Annotations:
Lair:4 3 runed translucent doors, HunfridMar's ghost, journeyman DECj


Message History

Aim: a six-headed hydra (severely wounded)
The sticky flame hits the six-headed hydra.
The six-headed hydra is severely wounded.
The six-headed hydra is covered in liquid flames!
The six-headed hydra burns!
The six-headed hydra bites you!
The six-headed hydra completely misses you.
The six-headed hydra closely misses you.
The six-headed hydra bites you.
The six-headed hydra completely misses you.
The six-headed hydra bites you!
* * * LOW HITPOINT WARNING * * *
The six-headed hydra burns!
The six-headed hydra burns!
You feel yourself speed up.
The six-headed hydra burns!
The six-headed hydra bites you.
* * * LOW HITPOINT WARNING * * *
The six-headed hydra bites you.
* * * LOW HITPOINT WARNING * * *
The six-headed hydra misses you. The six-headed hydra bites you!
You die...

##### ##### ### #P#.######.#.####
###.##
####..#..##..#.#...######.#.P####
...............D@................
.................................
...........................†.....
.............^...................
...###+++###............†........
...#...!tYW#.....................
...#......$#.............##......
##.#..#.#..#..P##...^...##^#.....
.#.#...#.#..##..^....^.^^###...


You could see a six-headed hydra (burning) and a dream sheep.

Vanquished Creatures
  A hydra (Lair:2)
  A two-headed ogre (D:8)
  3 death yaks
  An orc knight (D:10)
  7 spiny frogs
  A rime drake (Lair:4)
  2 komodo dragons
  A merfolk (Lair:2)
  A hornet (D:7)
  Prince Ribbit (D:7)
  9 hippogriffs
  A dream sheep (Lair:1)
  11 blink frogs
  2 redbacks (Lair:4)
  7 yaks (Lair:1)
  A vampire (D:10)
  A wyvern (Lair:3)
  2 humans (D:9)
  A wraith (D:10)
  A basilisk (Lair:1)
  3 water moccasins
  3 porcupines
  An ice beast (D:9)
  10 orc warriors
  2 sky beasts
  4 ogres
  10 crocodiles
  8 bullfrogs
  A gnoll sergeant (D:9)
  A scorpion (D:7)
  4 wights (D:7)
  3 howler monkeys
  5 crimson imps
  A quasit (D:10)
  4 hounds
  3 jellies
  A gnoll shaman (D:10)
  9 orc priests
  Crazy Yiuf (D:2)
  A bullfrog skeleton (D:9)
  3 iguanas
  8 worker ants
  Natasha (thrice) (D:3)
  14 orc wizards
  A hound skeleton (D:5)
  2 hound zombies
  A mummy (D:4)
  Robin (D:4)
  A howler monkey skeleton (D:6)
  19 adders
  10 gnolls
  A shadow imp (D:7)
  4 adder zombies
  A dart slug (D:2)
  8 worms
  A leopard gecko (D:8)
  48 orcs
  7 bats
  9 giant cockroaches
  2 gnoll zombies (D:6)
  14 goblins
  13 hobgoblins
  9 jackals
  A kobold (D:3)
  3 quokkas
  A ball python (D:2)
  9 frilled lizards
  A goblin zombie (D:4)
  A hobgoblin zombie (Ossuary)
  A jackal skeleton (D:7)
  A leopard gecko skeleton (D:4)
  2 leopard gecko zombies
  3 rats
333 creatures vanquished.

Vanquished Creatures (others)
  A plant (Lair:1)
1 creature vanquished.

Grand Total: 334 creatures vanquished

Notes
Turn   | Place    | Note
-------+----------+-------------------------------------------
     0 | D:1      | Kisielow the Deep Elf Fire Elementalist began the quest for
                  | the Orb.
     0 | D:1      | Reached XP level 1. HP: 10/10 MP: 6/6
   309 | D:1      | Reached XP level 2. HP: 6/15 MP: 0/8
   768 | D:1      | Learned a level 2 spell: Throw Flame
  1458 | D:2      | Reached XP level 3. HP: 19/19 MP: 1/10
  2174 | D:2      | Learned a level 3 spell: Inner Flame
  2271 | D:2      | Reached XP level 4. HP: 22/24 MP: 4/12
  2499 | D:2      | Found a runed translucent door.
  2500 | D:2      | Noticed Crazy Yiuf
  2507 | D:2      | Killed Crazy Yiuf
  2507 | D:2      | Reached skill level 5 in Spellcasting
  2507 | D:2      | Reached skill level 4 in Fire Magic
  3084 | D:3      | Noticed Natasha
  3091 | D:3      | Killed Natasha
  3091 | D:3      | Reached XP level 5. HP: 28/28 MP: 1/15
  3237 | D:3      | Noticed Natasha
  3250 | D:3      | Killed Natasha
  3384 | D:3      | Upgraded the game from 0.23.0-2-g0fe3ce5905 to
                  | 0.23.0-3-gf3c87f2df8
  3611 | D:3      | Reached XP level 6. HP: 33/33 MP: 0/17
  3768 | D:3      | Noticed Natasha
  3770 | D:3      | Killed Natasha
  3770 | D:3      | Reached skill level 1 in Fighting
  4318 | D:4      | Learned a level 5 spell: Fireball
  4324 | D:4      | You fall through a shaft for 3 floors!
  4358 | D:5      | Entered Level 5 of the Dungeon
  4378 | D:5      | Reached skill level 5 in Fire Magic
  4494 | D:4      | Reached XP level 7. HP: 32/39 MP: 10/18
  4586 | D:4      | Found a sand-covered staircase.
  4598 | Ossuary  | Entered an ossuary
  4797 | D:4      | Noticed Robin
  4957 | D:4      | Killed Robin
  5704 | D:4      | Found a staircase to the Ecumenical Temple.
  5709 | Temple   | Entered the Ecumenical Temple
  5819 | D:4      | Found an opulent altar of Gozag.
  6272 | D:5      | Reached skill level 5 in Dodging
  6386 | D:5      | Got a polished long sword
  6387 | D:5      | Identified the cursed +0 long sword of Tartarus {elec,
                  | rElec Dex+4} (You found it on level 5 of the Dungeon)
  6433 | D:5      | Found a shattered altar of Ashenzari.
  6637 | D:5      | Reached XP level 8. HP: 44/46 MP: 14/19
  6642 | D:5      | Found a burning altar of Makhleb.
  7731 | D:6      | Found a basalt altar of Yredelemnul.
  8080 | D:6      | Reached skill level 6 in Fire Magic
  8119 | D:6      | Found a radiant altar of Vehumet.
  8126 | D:6      | Became a worshipper of Vehumet
  8306 | D:7      | Reached skill level 5 in Conjurations
  8399 | D:7      | Found a white marble altar of Elyvilon.
  8492 | D:7      | Noticed a hippogriff
  8501 | D:7      | Killed a hippogriff
  8650 | D:7      | Reached XP level 9. HP: 49/53 MP: 1/20
  8798 | D:7      | Reached skill level 5 in Fighting
  9096 | D:7      | Noticed Prince Ribbit
  9101 | D:7      | Killed Prince Ribbit
  9101 | D:7      | Reached skill level 7 in Fire Magic
  9317 | D:7      | Reached skill level 8 in Fire Magic
  9507 | D:7      | Reached * piety under Vehumet
  9507 | D:7      | Offered knowledge of Sandblast by Vehumet.
  9519 | D:7      | Learned a level 1 spell: Sandblast
  9523 | D:7      | Learned a level 3 spell: Mephitic Cloud
  9705 | D:8      | Found a staircase to the Lair.
  9705 | D:8      | Noticed a death yak
  9728 | D:8      | Noticed a death yak
  9766 | D:7      | Killed a death yak
  9766 | D:7      | Reached skill level 9 in Fire Magic
 10061 | D:7      | Learned a level 4 spell: Sticky Flame
 10321 | D:8      | Found a flagged portal.
 10569 | D:8      | Reached XP level 10. HP: 59/59 MP: 11/21
 10640 | D:8      | Noticed a death yak
 10641 | D:8      | Noticed a death yak
 10642 | D:8      | Noticed a death yak
 10642 | D:8      | Noticed a death yak
 10642 | D:8      | Noticed a death yak
 10777 | D:9      | Reached skill level 10 in Fire Magic
 11294 | D:9      | Found an iron altar of Okawaru.
 11575 | D:10     | Entered Level 10 of the Dungeon
 11830 | D:10     | Reached ** piety under Vehumet
 11838 | D:10     | Offered knowledge of Shock by Vehumet.
 11885 | D:10     | Reached skill level 11 in Fire Magic
 12096 | D:10     | Found a roughly hewn altar of Beogh.
 12389 | D:10     | Noticed an orc knight
 12690 | D:10     | Offered knowledge of Ignite Poison by Vehumet.
 13008 | D:10     | Found a staircase to the Orcish Mines.
 13282 | D:10     | Killed an orc knight
 13485 | D:10     | Found a blossoming altar of Fedhas.
 13914 | D:8      | Noticed a two-headed ogre
 13929 | D:8      | Killed a two-headed ogre
 13929 | D:8      | Reached skill level 12 in Fire Magic
 14201 | D:8      | Killed a death yak
 14201 | D:8      | Reached skill level 1 in Earth Magic
 14201 | D:8      | Reached XP level 11. HP: 30/63 MP: 4/22
 14450 | D:7      | Killed a death yak
 14828 | Lair:1   | Entered Level 1 of the Lair of Beasts
 15259 | Lair:1   | Reached *** piety under Vehumet
 15259 | Lair:1   | Reached skill level 10 in Conjurations
 15392 | Lair:1   | Reached skill level 13 in Fire Magic
 16739 | Lair:2   | Offered knowledge of Stone Arrow by Vehumet.
 16756 | Lair:2   | Learned a level 3 spell: Stone Arrow
 17101 | Lair:2   | Noticed a four-headed hydra
 17172 | Lair:2   | Killed a four-headed hydra
 17339 | Lair:2   | Found a staircase to the Shoals.
 18086 | Lair:3   | Got a smoking great sword
 18087 | Lair:3   | Identified the +5 great sword "Kaisuf" {freeze, MR++ Int+4
                  | Dex-2} (You found it on level 3 of the Lair of Beasts)
 18409 | Lair:3   | Reached XP level 12. HP: 70/70 MP: 14/23
 19772 | Lair:4   | Found a hole to the Spider Nest.
 19822 | Lair:4   | Found a runed translucent gate.
 19822 | Lair:4   | Found a runed translucent gate.
 19822 | Lair:4   | Found a runed translucent gate.
 19823 | Lair:4   | Noticed HunfridMar's ghost (journeyman DECj)
 19839 | Lair:4   | Noticed a six-headed hydra
 19861 | Lair:4   | HP: 1/71 [six-headed hydra (6)]
 19861 | Lair:4   | Mangled by a six-headed hydra

Skill      XL: |  1  2  3  4  5  6  7  8  9 10 11 |
---------------+----------------------------------+-----
Spellcasting   | 4 5 6 |  6.1
Conjurations   | 2 3 4 5 7 9 10 | 10.6
Fire Magic     | 4 5 6 9 12 13 | 13.8
Fighting       | 1 3 4 5 6 |  6.6
Dodging        | 3 5 7 9 |  9.6
Earth Magic    | 1 4 |  4.8
Stealth        | |  2.4

Action                   |  1- 3 |  4- 6 |  7- 9 | 10-12 || total
-------------------------+-------+-------+-------+-------++-------
Melee: Unarmed           |    13 |       |       |       ||    13
       Quarterstaff      |       |    14 |     8 |       ||    22
       Long sword        |       |       |    26 |    34 ||    60
 Cast: Flame Tongue      |    50 |    39 |   155 |   269 ||   513
       Throw Flame       |    22 |    70 |   158 |   126 ||   376
       Inner Flame       |     1 |     2 |    10 |     8 ||    21
       Fireball          |       |       |     3 |     7 ||    10
       Mephitic Cloud    |       |       |     1 |    35 ||    36
       Sticky Flame      |       |       |       |    18 ||    18
       Stone Arrow       |       |       |       |    55 ||    55
Evoke: Wand              |       |       |     4 |     9 ||    13
  Use: Scroll            |       |    14 |    10 |     8 ||    32
       Potion            |       |       |       |     7 ||     7
 Stab: Sleeping          |       |       |     1 |       ||     1
       Confused          |       |       |       |     8 ||     8
  Eat: Chunk             |     4 |     7 |    16 |    25 ||    52
       Ration            |       |       |     1 |     2 ||     3
Armor: Robe              |     7 |    13 |    43 |    29 ||    92
Dodge: Dodged            |    21 |    29 |   122 |   180 ||   352
       Rpst.: Long sword |       |       |    10 |    44 ||    54
